 Dungeon Crawl Stone Soup version 0.26.0-10-g1f06aea511 (webtiles) character file.

Game seed: 3284510963375985668

4701 trckry the Martial Artist (level 10, 0/78 HPs)
             Began as a White Draconian Transmuter on Jan 13, 2021.
             Was a Believer of Wu Jian.
             Slain by a white ugly thing (2 damage)
             ... on level 10 of the Dungeon.
             The game lasted 00:21:47 (10269 turns).

trckry the Martial Artist (DrTm)                   Turns: 10269, Time: 00:21:47

Health: 0/78       AC:  8    Str: 12    XL:     10   Next: 21%
Magic:  8/15       EV: 13    Int: 17    God:    Wu Jian [**....]
Gold:   711        SH:  0    Dex: 12    Spells: 10/16 levels left

rFire    . . .     SeeInvis .     - Unarmed
rCold    + . .     Faith    .   (shield currently unavailable)
rNeg     . . .     Spirit   .   (armour unavailable)
rPois    .         Reflect  .   (helmet restricted)
rElec    .         Harm     .   e - +0 cloak
rCorr    .         Rampage  .   (gloves currently unavailable)
Will     +....                  (no boots)
Stlth    +.........             F - amulet of the acrobat
HPRegen  0.23/turn              o - ring of willpower
MPRegen  0.14/turn              w - ring of wizardry

@: about to teleport, blade hands
A: breathe frost, unfitting armour, cold resistance 1, cold-blooded, AC +7
a: Breathe Frost, End Transformation, Renounce Religion, Wall Jump


You were on level 10 of the Dungeon.
You worshipped Wu Jian.
Wu Jian was pleased with you.
You had blades for hands.
You visited 2 branches of the dungeon, and saw 11 of its levels.

You collected 711 gold pieces.

Inventory:

Missiles
 s - 14 poisoned darts (quivered)
Armour
 e - a +0 cloak (worn)
Jewellery
 a - an uncursed ring of fire
 o - a ring of willpower (left scythe-like blade)
 w - a ring of wizardry (right scythe-like blade)
 x - an uncursed amulet of magic regeneration
 B - an uncursed ring of protection from fire
 F - an amulet of the acrobat (around neck)
Wands
 y - a wand of disintegration (13)
 C - a wand of random effects (5)
 H - a wand of paralysis (9)
 K - a wand of iceblast (2)
 M - a wand of digging (5)
Scrolls
 b - 3 scrolls of noise {unknown}
 c - 9 scrolls of identify
 g - 4 scrolls of amnesia {unknown}
 h - 3 scrolls of enchant armour {unknown}
 i - 3 scrolls of teleportation
 j - 5 scrolls of remove curse {unknown}
 l - a scroll of fog {unknown}
 q - a scroll of immolation {unknown}
 r - a scroll of enchant weapon {unknown}
 t - 2 scrolls of magic mapping {unknown}
 z - a scroll of holy word {unknown}
 G - a scroll of blinking {unknown}
Potions
 d - 3 potions of curing {unknown}
 f - 2 potions of ambrosia {unknown}
 k - 4 potions of lignification {unknown}
 m - 2 potions of heal wounds {unknown}
 n - a potion of haste {unknown}
 p - 3 potions of might {unknown}
 u - 3 potions of invisibility {unknown}
 v - 4 potions of flight {unknown}
 A - 2 potions of cancellation {unknown}
 D - a potion of magic {unknown}
 E - a potion of attraction {unknown}
 I - a potion of berserk rage {unknown}
 J - a potion of experience {unknown}
 L - 3 potions of brilliance {unknown}
 N - a potion of degeneration {unknown}


   Skills:
 + Level 4.0 Fighting
 + Level 3.5 Dodging
 * Level 9.8 Unarmed Combat
 + Level 3.7 Spellcasting
 * Level 9.6 Transmutations
 + Level 3.3 Evocations


You had 10 spell levels left.
You knew the following spells:

 Your Spells              Type           Power        Failure   Level
a - Beastly Appendage     Tmut           70%          4%          1
b - Blade Hands           Tmut           17%          19%         5

Your spell library contained the following spells:

 Spells                   Type           Power        Failure   Level
 Wereblood                Tmut           35%          4%          2
 Spider Form              Tmut/Pois      9%           16%         3
 Animate Skeleton         Necr           6%           26%         1
 Apportation              Tloc           6%           26%         1
 Corona                   Hex            3%           26%         1
 Summon Small Mammal      Summ           12%          26%         1
 Ice Form                 Ice/Tmut       19%          32%         4


Dungeon Overview and Level Annotations

Branches:
Dungeon (10/15)            Temple (1/1) D:4            Lair (0/6) D:8
    Orc: D:9-12

Altars:
Ashenzari
Cheibriados
Dithmenos
Elyvilon
Fedhas
Gozag
Hepliaklqana
Kikubaaqudgha
Makhleb
Nemelex Xobeh
Okawaru
Qazlal
Ru
Sif Muna
Trog
Uskayaw
Vehumet
Wu Jian
Xom
Yredelemnul
Zin
The Shining One

Annotations:
D:8 Joseph
D:9 exclusion: obsidian statue
D:10 1 runed translucent door, Dirihyb's ghost, novice GrFi


Innate Abilities, Weirdness & Mutations

You can breathe waves of freezing cold.
You can buffet flying creatures when you breathe cold.
Your icy white scales are hard. (AC +7)
You cannot fit into any form of body armour.
Your flesh is cold resistant. (rC+)
You are cold-blooded and may be slowed by cold attacks.


Message History

The white ugly thing trunk-slaps you. The white ugly thing freezes you.
You resist.
You hit the white ugly thing.
The white ugly thing is moderately wounded.
The white ugly thing trunk-slaps you!
* * * LOW HITPOINT WARNING * * *
The white ugly thing freezes you! You resist.
* * * LOW HITPOINT WARNING * * *
The white ugly thing completely misses you.
The white ugly thing completely misses you.
You see here 14 stones.
Things that are here:
a +0 shortbow; 20 arrows; a centaur corpse The white ugly thing trunk-slaps you.
* * * LOW HITPOINT WARNING * * *
The white ugly thing freezes you! You resist.
* * * LOW HITPOINT WARNING * * *
As you read the scroll of teleportation, it crumbles to dust.
You feel strangely unstable. The white ugly thing trunk-slaps you.
You die...

######## #......# ##......#
#.......# #####......#######
########## ...........'.....#
#........( #..........#####.#
#.######## ...........# #.# #.# #
......####.## #@# #.##### #
......).))..# #u# #.....# #
.#'#####.#.#####.# ######.# #
...# #.#(..()..# #......# #
..######.##############.#########
......................>.........#
#..#####.##.###########.#######.#
##.## #.##.# #...# #.# #..#
#.##.# ##...## #.#


You could see a white ugly thing.

Vanquished Creatures
  Josephine (D:10)
  A troll (D:9)
  Prince Ribbit (D:7)
  3 wraiths (D:10)
  Eustachio (D:6)
  2 ice beasts
  2 phantoms
  An orc warrior (D:10)
  2 sky beasts
  3 ogres
  4 centaurs (D:10)
  A bullfrog (D:10)
  2 wyvern zombies
  A water moccasin zombie (D:9)
  4 scorpions
  4 killer bees (D:7)
  3 wights (D:10)
  A howler monkey (D:10)
  4 hounds
  3 orc priests
  4 orc wizards
  A centaur skeleton (D:5)
  3 iguanas
  10 worker ants
  15 adders
  2 ufetubi
  An adder skeleton (D:9)
  4 worms
  2 dart slugs
  6 leopard geckos
  17 orcs
  5 bats
  7 giant cockroaches
  9 goblins
  9 hobgoblins
  19 jackals
  8 kobolds
  7 quokkas
  2 ball pythons
  4 frilled lizards
  A jackal skeleton (D:6)
  2 leopard gecko zombies
  A quokka zombie (D:6)
  5 rats
188 creatures vanquished.

Vanquished Creatures (others)
  An iguana (D:6)
  A leopard gecko (D:6)
  An orc (D:6)
  A jackal (D:6)
  A quokka (D:6)
5 creatures vanquished.

Grand Total: 193 creatures vanquished

Notes
Turn   | Place    | Note
-------+----------+-------------------------------------------
     0 | D:1      | trckry the Draconian Transmuter began the quest for the
                  | Orb.
     0 | D:1      | Reached XP level 1. HP: 16/16 MP: 3/3
   137 | D:1      | Reached XP level 2. HP: 21/23 MP: 5/5
   403 | D:1      | Reached XP level 3. HP: 23/28 MP: 6/6
   929 | D:2      | Found an ornate altar of the Wu Jian Council.
   970 | D:2      | Reached XP level 4. HP: 30/35 MP: 7/7
  1002 | D:2      | Became a worshipper of the Wu Jian Council
  1106 | D:2      | Found a faded altar of an unknown god.
  2685 | D:4      | Reached * piety under Wu Jian
  2686 | D:4      | Reached XP level 5. HP: 14/40 MP: 8/8
  3089 | D:4      | Reached skill level 5 in Unarmed Combat
  3116 | D:4      | Found a staircase to the Ecumenical Temple.
  3268 | D:4      | Reached XP level 6. HP: 32/47 MP: 9/9
  3373 | D:4      | Found a shadowy altar of Dithmenos.
  3873 | D:4      | Reached skill level 5 in Transmutations
  4209 | Temple   | Entered the Ecumenical Temple
  4292 | D:5      | Entered Level 5 of the Dungeon
  4622 | D:5      | Your scales start taking on an icy white colour.
  4622 | D:5      | Reached XP level 7. HP: 44/52 MP: 10/10
  4622 | D:5      | Gained mutation: Your flesh is cold resistant. (rC+) [White
                  | Draconian growth]
  4881 | D:5      | Found a basalt altar of Yredelemnul.
  4881 | D:5      | Found a faded altar of an unknown god.
  4888 | D:5      | Found a faded altar of an unknown god.
  4890 | D:5      | Found a shimmering blue altar of Sif Muna.
  4891 | D:5      | Found a burning altar of Makhleb.
  5194 | D:6      | Noticed Eustachio
  5240 | D:6      | Killed Eustachio
  5485 | D:6      | Reached XP level 8. HP: 59/59 MP: 9/11
  5768 | D:6      | Found a shimmering altar of Xom.
  5977 | D:6      | Found a broken altar of Ashenzari.
  6348 | D:7      | Noticed Prince Ribbit
  6372 | D:7      | Killed Prince Ribbit
  6372 | D:7      | Reached ** piety under Wu Jian
  6820 | D:7      | Found a blossoming altar of Fedhas.
  6993 | D:8      | Found an ancient bone altar of Kikubaaqudgha.
  6993 | D:8      | Found a glowing golden altar of the Shining One.
  7129 | D:8      | Found a snail-covered altar of Cheibriados.
  7139 | D:8      | Noticed a death yak
  7139 | D:8      | Noticed a death yak
  7409 | D:8      | Noticed a death yak
  7723 | D:8      | Noticed a death yak
  7731 | D:7      | Reached skill level 1 in Evocations
  7731 | D:7      | Reached XP level 9. HP: 21/67 MP: 12/12
  8021 | D:8      | Noticed a death yak
  8027 | D:8      | Noticed Joseph
  8030 | D:8      | Found a staircase to the Lair.
  8030 | D:8      | Noticed a death yak
  8281 | D:9      | Noticed a troll
  8357 | D:9      | Killed a troll
  8896 | D:9      | Noticed an obsidian statue
  8983 | D:9      | Learned a level 5 spell: Blade Hands
  9011 | D:10     | Entered Level 10 of the Dungeon
  9011 | D:10     | Noticed Josephine
  9027 | D:10     | Killed Josephine
  9256 | D:10     | Found a runed translucent door.
  9257 | D:10     | Noticed Dirihyb's ghost (novice GrFi)
  9291 | D:10     | Reached XP level 10. HP: 71/77 MP: 9/15
 10234 | D:10     | Noticed a white ugly thing
 10267 | D:10     | HP: 1/78 [white ugly thing (11)]
 10269 | D:10     | Slain by a white ugly thing

Illustrated notes

Levels and vault maps discovered:
D:1:      sevenhm_arrival_forest_fort_small_6, layout_rooms
D:2:      layout_loops_ring, nicolae_overflow_crystal_walls,
          chequers_ecumenical_altar_twisty, corexii_leaking_fountain
D:3:      layout_loops_ring, grunt_ministairs_2
D:4:      layout_cave_pools, grunt_dithmenos_smoke, minmay_temple_entry_slanted,
          minmay_box_of_dots
D:5:      layout_basic, chequers_temple_overflow_minitemple
D:6:      layout_loops_ring, basic_altar, minmay_misc_feat_columns,
          xom_confusion_cloud, uniq_eustachio
D:7:      layout_loops_ring, fedhas_ov_isle_minmay, uniq_prince_ribbit1
D:8:      layout_loops_cross, grunt_temple_overflow_open, dpeg_lair_monsters,
          kennysheep_generic_room_6, uniq_joseph
D:9:      layout_rooms, minmay_statue_bubble
D:10:     layout_basic, ebering_ghost_reflecting_pool, chequers_hall_statues_y,
          uniq_josephine
Temple:   nicolae_temple_god_jail

Skill      XL: |  1  2  3  4  5  6  7  8  9 10 |
---------------+-------------------------------+-----
Transmutations | 3 4 5 6 8 9 |  9.6
Unarmed Combat | 4 5 6 7 8 9 |  9.8
Dodging        | 2 3 |  3.5
Evocations     | 1 3 |  3.3
Fighting       | 3 4 |  4.0
Spellcasting   | 3 |  3.7

Action                   |  1- 3 |  4- 6 |  7- 9 | 10-12 || total
-------------------------+-------+-------+-------+-------++-------
Melee: Unarmed           |   129 |   228 |   328 |    36 ||   721
       Tailslap          |    18 |    16 |    36 |     4 ||    74
       Punch             |     2 |     3 |     5 |     1 ||    11
       Kick              |     6 |    28 |    53 |       ||    87
       Headbutt          |     4 |    16 |    30 |       ||    50
Throw: Dart              |       |     3 |     2 |     3 ||     8
 Cast: Beastly Appendage |     5 |    14 |    30 |     1 ||    50
       Blade Hands       |       |       |     3 |     8 ||    11
Invok: Lunge             |       |    18 |    25 |     6 ||    49
       Whirlwind         |       |     1 |     8 |       ||     9
 Abil: Breathe Frost     |       |       |    18 |     1 ||    19
Evoke: Wand              |       |       |     8 |       ||     8
  Use: Scroll            |       |       |     2 |     1 ||     3
 Stab: Sleeping          |     1 |     1 |       |       ||     2
       Paralysed         |       |       |     5 |       ||     5
Armor: Skin              |    34 |    45 |    77 |     3 ||   159
Dodge: Dodged            |    80 |   107 |   198 |    24 ||   409
